 Dungeon Crawl Stone Soup version 0.26.1-2-gb8aa6d0cf2 (webtiles) character file.

Game seed: 2131521492605498596

35 H0rd4k the Charlatan (level 3, 0/26 HPs)
             Began as a Human Artificer on Mar 11, 2021.
             Succumbed to an adder's poison
             ... on level 2 of the Dungeon.
             The game lasted 00:01:30 (1261 turns).

H0rd4k the Charlatan (Human Artificer)              Turns: 1261, Time: 00:01:31

Health: 0/26       AC:  3    Str: 13    XL:     3   Next: 55%
Magic:  3/3        EV: 11    Int: 11    God:
Gold:   27         SH:  0    Dex: 13    Spells: 2/2 levels left

rFire    . . .     SeeInvis .   g - +0 dagger
rCold    . . .     Faith    .   (no shield)
rNeg     . . .     Spirit   .   b - +0 leather armour
rPois    .         Reflect  .   (no helmet)
rElec    .         Harm     .   (no cloak)
rCorr    .         Rampage  .   (no gloves)
Will     .....                  (no boots)
Stlth    +.........             (no amulet)
HPRegen  0.08/turn              j - ring of flight
MPRegen  0.08/turn              (no ring)

@: lethally poisoned (0 -> -4)
A: no striking features
a: Evoke Flight


You were on level 2 of the Dungeon.
You visited 1 branch of the dungeon, and saw 2 of its levels.

You collected 27 gold pieces.

Inventory:

Hand Weapons
 a - a +0 club
 g - a +0 dagger (weapon)
Armour
 b - a +0 leather armour (worn)
Jewellery
 j - a ring of flight (left hand)
Wands
 c - a wand of flame (15) (quivered)
 d - a wand of enslavement (9)
 e - a wand of random effects (15)
Scrolls
 f - a scroll of teleportation {unknown}
 h - a scroll of remove curse {unknown}
 i - a scroll of identify {unknown}
Potions
 k - a potion of curing {unknown}


   Skills:
 + Level 1.2 Fighting
 + Level 1.1 Short Blades
 + Level 2.5 Armour
 + Level 1.3 Dodging
 + Level 1.3 Stealth
 + Level 3.3 Evocations


You had 2 spell levels left.
You didn't know any spells.
Your spell library was empty.

Dungeon Overview and Level Annotations

Branches:
Dungeon (2/15)

Altars:


Message History

Aim: an adder (chance to affect: 64%)
The adder struggles to resist.
The adder bites you.
* * * LOW HITPOINT WARNING * * *
You are poisoned.
The adder poisons you!
Aiming: Enslavement
Press: ? - help, Shift-Dir - straight line, f/p - adder
Aim: an adder (chance to affect: 64%)
The adder struggles to resist.
You feel sick. The adder bites you.
* * * LOW HITPOINT WARNING * * *
Aiming: Enslavement
Press: ? - help, Shift-Dir - straight line, f/p - adder
Aim: an adder (chance to affect: 64%)
The adder struggles to resist.
The adder misses you. The adder bites you.
* * * LOW HITPOINT WARNING * * *
Aiming: Enslavement
Press: ? - help, Shift-Dir - straight line, f/p - adder
Aim: an adder (chance to affect: 64%)
The adder is charmed.
You die...

##.#. #......>...#.#.
......#...<..........
......#.#....<#...
.............†S.#
#.##.#.###.#.....#
#.##.#.##l...#......
#.....Kl.w......##.#
####.#S##...###.# .
#.#@##.#.# .. #
#.##...# .#. ..# ..
####


You could see a kobold, a frilled lizard and a friendly adder (charmed).

Vanquished Creatures
  2 dart slugs (D:1)
  5 giant cockroaches (D:1)
  4 goblins (D:1)
  4 hobgoblins
  4 frilled lizards (D:1)
  3 kobolds (D:1)
  6 rats (D:1)
28 creatures vanquished.

Vanquished Creatures (collateral kills)
  A leopard gecko (D:2)
  A rat (D:2)
2 creatures vanquished.

Vanquished Creatures (others)
  A worker ant (D:2)
  41 plants (D:1)
42 creatures vanquished.

Grand Total: 72 creatures vanquished

Notes
Turn   | Place    | Note
-------+----------+-------------------------------------------
     0 | D:1      | H0rd4k the Human Artificer began the quest for the Orb.
     0 | D:1      | Reached XP level 1. HP: 15/15 MP: 1/1
   224 | D:1      | Reached XP level 2. HP: 16/21 MP: 2/2
   713 | D:1      | Reached XP level 3. HP: 22/26 MP: 3/3
   916 | D:1      | Reached skill level 1 in Short Blades
  1260 | D:2      | HP: 1/26 [adder (3)]
  1261 | D:2      | Succumbed to an adder's poison

Illustrated notes

Levels and vault maps discovered:
D:1:      roderic_crop_circles_arrival_small, layout_basic,
          chequers_serial_rivers_micro_c, minmay_misc_feat_doors
D:2:      layout_loops_ring, minmay_fractal_squares_5, uniq_sigmund

Skill      XL: |  1  2  3 |
---------------+----------+-----
Short Blades   | 1 |  1.1
Fighting       | |  1.2
Armour         | |  2.5
Dodging        | |  1.3
Stealth        | |  1.3
Evocations     | |  3.3

Action                   || total
-------------------------++-------
Melee: Club              ||    17
       Dagger            ||   119
Evoke: Wand              ||     6
 Stab: Sleeping          ||     1
Armor: Leather armour    ||    25
Dodge: Dodged            ||    66
